 Dungeon Crawl Stone Soup version 0.21.1-1-g345015fe64 (webtiles) character file.

251 DildoBatman the Sneak (level 6, -1/47 HPs)
             Began as a Formicid Enchanter on Feb 7, 2018.
             Was an Initiate of Ashenzari.
             Slain by an orc
             ... wielding a +0 hand axe
              (7 damage)
             ... on level 4 of the Dungeon.
             The game lasted 00:07:33 (2119 turns).

DildoBatman the Sneak (Formicid Enchanter)          Turns: 2119, Time: 00:07:34

Health: -1/47      AC:  3    Str: 14    XL:     6   Next: 36%
Magic:  6/9        EV: 12    Int: 15    God:    Ashenzari [......]
Gold:   89         SH:  0    Dex: 11    Spells: 5/9 levels left

rFire    . . .     SeeInvis +   a - +2 spear (venom)
rCold    . . .     Gourm    .   (no shield)
rNeg     . . .     Faith    .   h - +0 leather armour
rPois    .         Spirit   .   (helmet unavailable)
rElec    .         Reflect  .   (no cloak)
rCorr    .         Harm     .   (no gloves)
MR       .....                  (no boots)
Stlth    +++.......             (no amulet)
HPRegen  0.15/turn              g - ring of stealth
MPRegen  0.11/turn              (no ring)

@: drained
A: permanent stasis, dig shafts and tunnels, four strong arms, antennae 3
a: Dig, Shaft Self, Curse Item, Renounce Religion


You were on level 4 of the Dungeon.
You worshipped Ashenzari.
Ashenzari was noncommittal.
You were not hungry.

You visited 1 branch of the dungeon, and saw 4 of its levels.

You collected 89 gold pieces.

Inventory:

Hand Weapons
 a - a +2 spear of venom (weapon)
 b - a +1 hand axe of draining
Armour
 f - a +0 buckler
 h - a +0 leather armour (worn)
Jewellery
 g - a ring of stealth (left hand)
Scrolls
 d - 5 scrolls of identify {unknown}
 e - a scroll of blinking {unknown}
 j - a scroll of immolation {unknown}
 k - 2 scrolls of noise {unknown}
 l - 4 scrolls of remove curse
 m - a scroll of enchant armour {unknown}
 q - a scroll of teleportation {unknown}
 r - a scroll of fog {unknown}
Potions
 i - a potion of agility {unknown}
 n - a potion of resistance {unknown}
 p - 2 potions of lignification {unknown}
Books
 c - a book of Maledictions

   Spells                             Type                      Level
   a - Corona                         Hexes                        1
   b - Ensorcelled Hibernation        Hexes/Ice                    2
   c - Confuse                        Hexes                        3
   d - Tukima's Dance                 Hexes                        3
   e - Dazzling Spray                 Conjuration/Hexes            3
Comestibles
 o - 2 chunks of flesh
 v - 6 rations


   Skills:
 * Level 3.5(3.4) Fighting
   Level 1.0(0.9) Short Blades
 * Level 3.5(3.4) Armour
 * Level 2.4 Dodging
 * Level 4.6(4.5) Stealth
 * Level 1.5(1.4) Shields
 - Level 2.1 Spellcasting
 - Level 3.6(3.5) Hexes


You had 5 spell levels left.
You knew the following spells:

 Your Spells              Type           Power        Failure   Level  Hunger
a - Corona                Hex            ##.....      6%          1    #......
b - Confuse               Hex            ##......     19%         3    ###....


Dungeon Overview and Level Annotations

Branches:
Dungeon (4/15)
 Temple: D:4-7

Altars:
Ashenzari


Innate Abilities, Weirdness & Mutations

You cannot be hasted, slowed, berserked, paralysed or teleported.
You can dig through walls and to a lower floor.
Your four strong arms can wield two-handed weapons with a shield.
You have a pair of large antennae on your head. (SInv)


Message History

You hit the orc priest.
The orc priest is severely wounded.
The orc priest misses you.
You feel a bit more experienced.
Some of the chunks of flesh in your inventory have rotted away.
You start resting.
You start resting.
Casting: Corona
Confirm with . or Enter, or press ? or * to list all spells.
Aiming: Confuse
Press: ? - help, Shift-Dir - straight line, f - orc
Aim: an orc, wielding a hand axe (hasn't noticed you, chance to defeat MR: 61%)
The orc shouts!
The orc resists with significant effort.
The orc hits you with a hand axe!
You hit the orc.
The orc is poisoned.
The orc is almost dead.
The orc hits you with a hand axe!
You die...

. ...{....# #.#.#############
....# #.#####.#.# #.#.
#.......#.# ...< ########### ....
....######## ### ##############
#.#.{#o#.#.# #.# #.#.#.#.#.#..#
#.###)#.#.#.#.#.#.#.#.#.#.#.#.###
#....###.###.###@###.###.###.....
###.#.#.#.#.#.#o#.#.#.#.#.#.#.###
#..#.#.#.#.#.#.#.#.#.#.#.#..#
#############################


You could see an orc.

Vanquished Creatures
  2 orc priests (D:4)
  Natasha (D:2)
  4 adders
  3 gnolls (D:2)
  2 oozes (D:2)
  A worm (D:2)
  3 dart slugs
  3 leopard geckos
  6 orcs
  A ball python (D:3)
  8 bats
  2 giant cockroaches
  14 goblins
  7 hobgoblins
  3 jackals (D:1)
  3 kobolds
  3 frilled lizards
  9 rats
75 creatures vanquished.

Notes
Turn   | Place    | Note
-------+----------+-------------------------------------------
     0 | D:1      | DildoBatman the Formicid Enchanter began the quest for the Orb.
     0 | D:1      | Reached XP level 1. HP: 13/13 MP: 3/3
    69 | D:1      | Reached skill level 1 in Fighting
   175 | D:1      | Reached XP level 2. HP: 22/22 MP: 3/5
   354 | D:1      | Found a shattered altar of Ashenzari.
   374 | D:1      | Became a worshipper of Ashenzari the Shackled
   522 | D:1      | Reached XP level 3. HP: 21/28 MP: 6/6
   864 | D:2      | Reached XP level 4. HP: 31/35 MP: 7/7
   874 | D:2      | Reached skill level 1 in Armour
   884 | D:2      | Reached skill level 4 in Stealth
  1372 | D:2      | Reached XP level 5. HP: 24/41 MP: 6/8
  1488 | D:2      | Noticed Natasha
  1502 | D:2      | Killed Natasha
  1513 | D:2      | Learned a level 3 spell: Confuse
  1810 | D:3      | Reached skill level 1 in Shields
  1903 | D:3      | Reached XP level 6. HP: 36/47 MP: 9/9
  2119 | D:4      | Slain by an orc

Skill      XL: |  1  2  3  4  5 |
---------------+----------------+-----
Fighting       | 1 2 3 |  3.5
Dodging        | 2 |  2.4
Armour         | 2 3 |  3.5
Stealth        | 4 |  4.6
Shields        | 1 |  1.5
Short Blades   | |  1.0
Spellcasting   | |  2.1
Hexes          | |  3.6

Action                   |  1- 3 |  4- 6 || total
-------------------------+-------+-------++-------
Melee: Dagger            |    42 |       ||    42
       Spear             |    64 |   133 ||   197
 Cast: Corona            |    11 |    12 ||    23
       Confuse           |       |     2 ||     2
 Abil: Dig               |     4 |     1 ||     5
 Stab: Sleeping          |     6 |     8 ||    14
  Eat: Chunk             |       |     5 ||     5
Armor: Robe              |     7 |       ||     7
       Leather armour    |     5 |    14 ||    19
Dodge: Dodged            |    68 |    61 ||   129
